 Dungeon Crawl Stone Soup version 0.28.0-45-g0d030f2227 (webtiles) character file.

Game seed: 310787232404938379

3269 Ablot the Poker (level 10, -4/77 HPs)
             Began as a Gnoll Warper on Apr 1, 2022.
             Was an Elder of Fedhas.
             Slain by a two-headed ogre
             ... wielding a +0 giant spiked club
              (17 damage)
             ... on level 7 of the Dungeon.
             The game lasted 00:15:44 (8762 turns).

Ablot the Poker (Gnoll Warper)                      Turns: 8762, Time: 00:15:44

Health: -4/77      AC:  5    Str: 22    XL:     10   Next: 0%
Magic:  18/20      EV: 14    Int: 20    God:    Fedhas [****..]
Gold:   319        SH:  0    Dex: 13    Spells: 14/23 levels left

rFire   + . .      SeeInvis .   t - +7 whip "Xieff" {vorpal, Fly rF+ rCorr Str+4}
rCold   . . .      Faith    .   (no shield)
rNeg    . . .      Spirit   .   H - +2 robe {Archmagi}
rPois   .          Reflect  .   (no helmet)
rElec   .          Harm     .   D - +0 cloak
rCorr   +          Rampage  .   (no gloves)
Will    .....      Archmagi +   (no boots)
Stlth   +++.......              (no amulet)
HPRegen 0.22/turn               j - +6 ring of intelligence
MPRegen 0.17/turn               F - +6 ring of strength

@: flying, studying Polearms
A: fangs 1, strong nose, distributed training
a: Renounce Religion, Wall of Briars, Grow Ballistomycete, Overgrow


You were on level 7 of the Dungeon.
You worshipped Fedhas.
Fedhas was greatly pleased with you.
You visited 2 branches of the dungeon, and saw 8 of its levels.

You collected 443 gold pieces.
You spent 124 gold pieces at shops.

Inventory:

Hand Weapons
 a - a +0 spear
 p - a +4 dagger of electrocution
 t - the +7 whip "Xieff" (weapon) {vorpal, Fly rF+ rCorr Str+4}
   (You found it on level 4 of the Dungeon)

   It inflicts extra damage upon your enemies.
   Str:       It affects your strength (+4).
   rF:        It protects you from fire.
   Fly:       It grants you flight.
   rCorr:     It protects you from acid and corrosion.
Missiles
 b - a curare-tipped dart
 d - 5 boomerangs of dispersal
 e - 169 stones
 o - 3 poisoned darts (quivered)
 r - 91 arrows
 v - 65 sling bullets
 w - 38 bolts
Armour
 D - a +0 cloak (worn)
 H - a +2 robe of the Archmagi (worn)
Jewellery
 f - a ring of see invisible
 j - a +6 ring of intelligence (left hand)
 F - a +6 ring of strength (right hand)
Wands
 n - a wand of charming (7)
 u - a wand of iceblast (13)
 G - a wand of polymorph (5)
Scrolls
 c - a scroll of blinking
 g - 2 scrolls of noise {unknown}
 h - 2 scrolls of amnesia {unknown}
 k - 2 scrolls of holy word {unknown}
 q - 4 scrolls of teleportation {unknown}
 s - a scroll of enchant armour {unknown}
 y - a scroll of magic mapping {unknown}
 A - 2 scrolls of vulnerability {unknown}
 B - 2 scrolls of fog {unknown}
Potions
 i - 3 potions of attraction
 l - a potion of brilliance {unknown}
 m - a potion of curing
 x - 2 potions of haste
 z - a potion of cancellation
 C - a potion of might
 E - a potion of magic {unknown}


   Skills:
 + Level 6.7 Fighting
 + Level 4.8 Short Blades
 + Level 4.8 Long Blades
 + Level 4.8 Axes
 + Level 4.8 Maces & Flails
 + Level 7.8 Polearms
 + Level 4.8 Staves
 + Level 4.8 Slings
 + Level 4.8 Bows
 + Level 4.8 Crossbows
 + Level 5.5 Throwing
 + Level 5.5 Armour
 + Level 6.7 Dodging
 + Level 4.8 Stealth
 + Level 4.8 Shields
 + Level 4.8 Unarmed Combat
 + Level 7.0 Spellcasting
 + Level 3.9 Conjurations
 + Level 3.9 Hexes
 + Level 3.9 Summonings
 + Level 3.9 Necromancy
 + Level 6.8 Translocations
 + Level 3.9 Transmutations
 + Level 3.9 Fire Magic
 + Level 3.9 Ice Magic
 + Level 3.9 Air Magic
 + Level 3.9 Earth Magic
 + Level 3.9 Poison Magic
 + Level 5.2 Invocations
 + Level 4.8 Evocations


You had 14 spell levels left.
You knew the following spells:

 Your Spells              Type           Power      Damage    Failure   Level
a - Blink                 Tloc           100%       N/A       1%          2
b - Poisonous Vapours     Pois/Air       68%        N/A       2%          2
c - Apportation           Tloc           100%       N/A       1%          1
d - Gell's Gravitas       Tloc           51%        N/A       1%          3
e - Animate Skeleton      Necr           68%        N/A       1%          1

Your spell library contained the following spells:

 Spells                   Type           Power      Damage    Failure   Level
 Summon Small Mammal      Summ           100%       N/A       1%          1
 Lesser Beckoning         Tloc           51%        N/A       1%          3
 Teleport Other           Tloc           51%        N/A       1%          3
 Corpse Rot               Necr/Air       68%        N/A       2%          2
 Summon Guardian Golem    Hex/Summ       34%        N/A       5%          3
 Manifold Assault         Tloc           51%        N/A       16%         5
 Orb of Destruction       Conj           17%        9d7       100%        7
 Spellforged Servitor     Conj/Summ      17%        N/A       100%        7


Dungeon Overview and Level Annotations

Branches:
Dungeon (7/15)             Temple (1/1) D:7

Altars:
Cheibriados
Dithmenos
Elyvilon
Fedhas
Gozag
Hepliaklqana
Kikubaaqudgha
Makhleb
Nemelex Xobeh
Okawaru
Qazlal
Ru
Sif Muna
Trog
Uskayaw
Vehumet
Wu Jian
Xom
Yredelemnul
Zin
The Shining One

Shops:
D:4 *


Innate Abilities, Weirdness & Mutations

You have very sharp teeth.
Your uncanny sense of smell can sniff out nearby items.
Your experience applies equally to all skills.


Message History

You barely miss the howler monkey skeleton.
The howler monkey skeleton is almost destroyed.
The howler monkey skeleton hits you.
You whack the howler monkey skeleton!
You destroy the howler monkey skeleton!
Fedhas accepts your kill.
Throw: 5 darts (poison)
Press: ? - help, Q - select action, (/) - cycle Shift-Dir - straight line, f - two-headed ogre
Aim: a two-headed ogre, wielding a +0 giant spiked club and a +0 giant club (77% to hit)
You throw a poisoned dart.
The poisoned dart hits the two-headed ogre!
The two-headed ogre is poisoned.
Throw: 4 darts (poison)
Press: ? - help, Q - select action, (/) - cycle Shift-Dir - straight line, f/p - two-headed ogre
Aim: a two-headed ogre, wielding a +0 giant spiked club and a +0 giant club (very poisoned, 77% to hit)
You throw a poisoned dart.
The poisoned dart closely misses the two-headed ogre.
You barely miss the two-headed ogre.
The two-headed ogre is lightly wounded.
You hit the two-headed ogre but do no damage.
You bite the two-headed ogre.
The two-headed ogre is lightly wounded.
The two-headed ogre hits you with a +0 giant spiked club!!
The two-headed ogre hits you with a +0 giant club!!
You are too injured to fight recklessly!
You are too injured to fight recklessly!
You whack the two-headed ogre!
The two-headed ogre is moderately wounded.
The two-headed ogre hits you with a +0 giant spiked club!!
* * * LOW HITPOINT WARNING * * *
The two-headed ogre closely misses you.
Unknown command.
There is an open door here.
The two-headed ogre looks more healthy.
Casting: Poisonous Vapours (safe; 2% risk of failure)
Confirm with . or Enter, or press ? or * to list all spells.
You feel a surge of power!
You blink.
The two-headed ogre barely misses you.
The two-headed ogre hits you with a +0 giant club!
You die...
Fedhas appreciates your contribution to the ecosystem.

#.##....#######..#
#.#.....#...#
..............#..#
#.###'###...#
#.#.....#####.#..#
#...........#
........# #.#..#
#.######.....
###..#### #.#..#
#.# #..... #[...
#....# #.# #.....
####)# ##..ยง# #.#
###.....
.#######..O# #.#
#.......
.........@# #.#
#.######
#######.#.# #.#
#.# #.#.# #.# #.#
#...# #.####.#
##..# #......#
#..# ########
#####..# #.....>#
#.########


You could see a two-headed ogre.

Vanquished Creatures
  Pikel (D:5)
  Maggie (D:7)
  2 steam dragons (D:5)
  Duvessa (D:6)
  A water moccasin (D:6)
  4 black bears
  An ogre (D:7)
  3 necrophages (D:5)
  3 centaurs (D:5)
  A kobold brigand (D:7)
  A bullfrog (D:6)
  2 gnoll sergeants (D:6)
  3 scorpions
  Dowan (D:6)
  A water moccasin skeleton (D:5)
  A howler monkey (D:2)
  An electric eel (D:6)
  A jelly (D:5)
  A centaur skeleton (D:4)
  An orc priest (D:6)
  Crazy Yiuf (D:5)
  A gnoll shaman (D:5)
  An iron imp (D:5)
  4 iguanas
  A howler monkey skeleton (D:7)
  12 gnolls
  6 adders
  An ufetubus (D:4)
  An adder skeleton (D:4)
  3 worms
  A dart slug (D:3)
  4 orcs
  8 endoplasms
  7 giant cockroaches
  8 hobgoblins
  3 jackals (D:2)
  10 kobolds
  12 quokkas
  7 ball pythons
  9 bats
  3 frilled lizards
  3 goblins
  3 goblin skeletons (D:5)
  A goblin zombie (D:5)
  3 hobgoblin zombies (D:5)
  A kobold zombie (D:5)
  2 orc skeletons (D:5)
  5 rats
152 creatures vanquished.

Vanquished Creatures (others)
  A bush (D:5)
  A butterfly (D:5)
  A fungus (D:5)
3 creatures vanquished.

Grand Total: 155 creatures vanquished

Notes
Turn   | Place    | Note
-------+----------+-------------------------------------------
     0 | D:1      | Ablot the Gnoll Warper began the quest for the Orb.
     0 | D:1      | Reached XP level 1. HP: 20/20 MP: 6/6
   186 | D:1      | Reached XP level 2. HP: 20/26 MP: 7/7
   189 | D:1      | Learned a level 2 spell: Blink
   623 | D:1      | Found a faded altar of an unknown god.
   826 | D:2      | Found a blossoming altar of Fedhas.
   841 | D:2      | Became a worshipper of Fedhas Madash
  1114 | D:2      | Reached XP level 3. HP: 24/31 MP: 9/9
  1246 | D:2      | Reached skill level 5 in Spellcasting
  1479 | D:2      | Reached skill level 1 in Short Blades
  1479 | D:2      | Reached skill level 1 in Long Blades
  1479 | D:2      | Reached skill level 1 in Axes
  1479 | D:2      | Reached skill level 1 in Maces & Flails
  1479 | D:2      | Reached skill level 1 in Staves
  1479 | D:2      | Reached skill level 1 in Slings
  1479 | D:2      | Reached skill level 1 in Bows
  1479 | D:2      | Reached skill level 1 in Crossbows
  1479 | D:2      | Reached skill level 1 in Stealth
  1479 | D:2      | Reached skill level 1 in Shields
  1479 | D:2      | Reached skill level 1 in Unarmed Combat
  1479 | D:2      | Reached skill level 1 in Invocations
  1479 | D:2      | Reached skill level 1 in Evocations
  1479 | D:2      | Reached XP level 4. HP: 17/38 MP: 11/11
  2128 | D:2      | Reached skill level 1 in Conjurations
  2128 | D:2      | Reached skill level 1 in Hexes
  2128 | D:2      | Reached skill level 1 in Summonings
  2128 | D:2      | Reached skill level 1 in Necromancy
  2128 | D:2      | Reached skill level 1 in Transmutations
  2128 | D:2      | Reached skill level 1 in Fire Magic
  2128 | D:2      | Reached skill level 1 in Ice Magic
  2128 | D:2      | Reached skill level 1 in Air Magic
  2128 | D:2      | Reached skill level 1 in Earth Magic
  2128 | D:2      | Reached skill level 1 in Poison Magic
  2182 | D:2      | Reached * piety under Fedhas
  2449 | D:3      | Found an ancient bone altar of Kikubaaqudgha.
  2803 | D:3      | Reached XP level 5. HP: 27/43 MP: 12/12
  3224 | D:3      | Reached ** piety under Fedhas
  3358 | D:4      | Noticed a black bear
  3365 | D:4      | Killed a black bear
  3366 | D:4      | Reached XP level 6. HP: 47/50 MP: 13/13
  3482 | D:4      | Noticed a black bear
  3490 | D:4      | Killed a black bear
  3491 | D:4      | Reached skill level 5 in Fighting
  3491 | D:4      | Reached skill level 5 in Polearms
  3491 | D:4      | Reached skill level 5 in Dodging
  3605 | D:4      | Reached XP level 7. HP: 37/56 MP: 15/15
  3795 | D:4      | Identified the +7 whip "Xieff" {vorpal, Fly rF+ rCorr
                  | Str+4}
  4030 | D:4      | Found Cejulich's Assorted Antiques.
  4036 | D:4      | Bought a red potion for 29 gold pieces
  4036 | D:4      | Bought a yellow potion for 29 gold pieces
  4036 | D:4      | Bought a scroll labelled LIMEICW SONADD for 33 gold pieces
  4036 | D:4      | Bought a scroll labelled FACKAL SEELIU for 33 gold pieces
  4046 | D:4      | Learned a level 2 spell: Poisonous Vapours
  4048 | D:4      | Learned a level 1 spell: Apportation
  4427 | D:5      | Entered Level 5 of the Dungeon
  4427 | D:5      | Noticed Pikel
  4719 | D:5      | HP: 2/56 [centaur (2)]
  4971 | D:5      | Reached XP level 8. HP: 19/63 MP: 16/16
  5233 | D:5      | Reached *** piety under Fedhas
  5341 | D:5      | Found a glowing golden altar of the Shining One.
  5424 | D:5      | Killed Pikel
  5728 | D:5      | Found a runed translucent door.
  5729 | D:5      | Noticed Crazy Yiuf
  5742 | D:5      | Killed Crazy Yiuf
  5752 | D:5      | Identified the +4 mace of Doors {protect, rElec Str+5 Int-5
                  | Dex+3}
  6015 | D:5      | Reached XP level 9. HP: 65/69 MP: 18/18
  6072 | D:5      | Found a white marble altar of Elyvilon.
  6497 | D:6      | Found a sacrificial altar of Ru.
  6846 | D:6      | Reached skill level 5 in Throwing
  6846 | D:6      | Reached skill level 5 in Armour
  7501 | D:6      | Found a burning altar of Makhleb.
  7504 | D:6      | Found a basalt altar of Yredelemnul.
  7706 | D:6      | Noticed Duvessa
  7706 | D:6      | Noticed Dowan
  7719 | D:6      | Killed Duvessa
  7721 | D:6      | Killed Dowan
  7758 | D:6      | Learned a level 3 spell: Gell's Gravitas
  7760 | D:6      | Learned a level 1 spell: Animate Skeleton
  7830 | D:7      | Reached **** piety under Fedhas
  8098 | D:7      | Reached skill level 5 in Invocations
  8368 | D:7      | Found a staircase to the Ecumenical Temple.
  8378 | Temple   | Entered the Ecumenical Temple
  8469 | D:7      | Noticed Maggie
  8486 | D:7      | Killed Maggie
  8596 | D:7      | Reached XP level 10. HP: 59/77 MP: 20/20
  8735 | D:7      | Noticed a two-headed ogre
  8762 | D:7      | Slain by a two-headed ogre

Illustrated notes

Levels and vault maps discovered:
D:1:      dpeg_arrival_renting, layout_loops_ring,
          shapermc_ecumenical_altar_ellora, st_stairs_7, grunt_decor_junction
D:2:      layout_loops_corners, basic_altar
D:3:      layout_rooms, kiku_gazebo_pond_becter, gup_sewer_entry_pipe,
          grunt_ministairs_12
D:4:      layout_basic, serial_shops, nicolae_shop_waterfront,
          minmay_misc_feat_four_crosses
D:5:      kennysheep_steamy, layout_rooms, nicolae_elyvilon_peaceful_grove,
          nicolae_tso_besieged_by_evil, amethyst_killhole, minmay_manual_mares,
          uniq_pikel, uniq_crazy_yiuf_cottage
D:6:      hellmonk_destroyed_diamonds, layout_basic,
          nicolae_ru_sacrificial_ziggurat, nicolae_overflow_squiral,
          uniq_duvessa
D:7:      layout_basic, minmay_temple_entry_hall, uniq_harold, uniq_maggie
Temple:   eino_wide_crystal_templ

Skill      XL: |  1  2  3  4  5  6  7  8  9 |
---------------+----------------------------+-----
Spellcasting   | 5 6 7 |  7.0
Short Blades   | 1 2 3 4 |  4.8
Long Blades    | 1 2 3 4 |  4.8
Axes           | 1 2 3 4 |  4.8
Maces & Flails | 1 2 3 4 |  4.8
Staves         | 1 2 3 4 |  4.8
Slings         | 1 2 3 4 |  4.8
Bows           | 1 2 3 4 |  4.8
Crossbows      | 1 2 3 4 |  4.8
Stealth        | 1 2 3 4 |  4.8
Shields        | 1 2 3 4 |  4.8
Unarmed Combat | 1 2 3 4 |  4.8
Invocations    | 1 2 3 4 5 |  5.2
Evocations     | 1 2 3 4 |  4.8
Conjurations   | 1 2 3 |  3.9
Hexes          | 1 2 3 |  3.9
Summonings     | 1 2 3 |  3.9
Necromancy     | 1 2 3 |  3.9
Transmutations | 1 2 3 |  3.9
Fire Magic     | 1 2 3 |  3.9
Ice Magic      | 1 2 3 |  3.9
Air Magic      | 1 2 3 |  3.9
Earth Magic    | 1 2 3 |  3.9
Poison Magic   | 1 2 3 |  3.9
Throwing       | 3 4 5 |  5.5
Armour         | 3 4 5 |  5.5
Fighting       | 5 6 |  6.7
Polearms       | 5 6 7 |  7.8
Dodging        | 5 6 |  6.7
Translocations | 6 |  6.8

Action                   |  1- 3 |  4- 6 |  7- 9 | 10-12 || total
-------------------------+-------+-------+-------+-------++-------
Melee: Spear             |   113 |   184 |       |       ||   297
       Bite              |     6 |    19 |    32 |     1 ||    58
       Punch             |     3 |     3 |     8 |       ||    14
       Dagger            |       |    27 |       |       ||    27
       Whip              |       |       |   267 |     7 ||   274
Throw: Dart              |       |     1 |    10 |     2 ||    13
 Cast: Blink             |       |       |     2 |     1 ||     3
       Poisonous Vapours |       |       |     4 |       ||     4
  Use: Scroll            |       |       |     5 |       ||     5
       Potion            |       |       |     4 |       ||     4
 Stab: Sleeping          |       |     8 |     4 |       ||    12
Armor: Leather armour    |    15 |    45 |    33 |       ||    93
       Robe              |       |       |     6 |       ||     6
Dodge: Dodged            |    52 |   104 |   189 |     3 ||   348
